 Dungeon Crawl Stone Soup version 0.31-a0-640-g39d97e502b (webtiles) character file.

Game seed: 4368307827267590356

1234 arthad the Trooper (level 8, -2/52 HPs)
             Began as a Gargoyle Monk on Aug 28, 2023.
             Was a Priest of Okawaru.
             Slain by an orc knight
             ... wielding a +0 bardiche
              (3 damage)
             ... in a bailey.
             The game lasted 00:09:38 (3382 turns).

arthad the Trooper (Gargoyle Monk)                  Turns: 3382, Time: 00:09:38

Health: -2/52      AC: 26    Str: 18    XL:     8   Next: 48%
Magic:  0/9        EV: 14    Int: 10    God:    Okawaru [***...]
Gold:   166        SH:  0    Dex: 12    Spells: 7/7 levels left

rFire   . . .        a - +0 mace (protect)
rCold   . . .        d - orb {light}
rNeg    + . .        w - +3 ring mail
rPois   ∞            (no helmet)
rElec   +            (no cloak)
rCorr   .            (no gloves)
SInv    .            (no boots)
Will    .....        e - amulet of guardian spirit
Stlth   +            i - +4 ring of protection
HPRegen 0.28/turn    (no ring)
MPRegen 0.11/turn

%: guardian spirit
@: mighty, brilliant, heroic, under a protective aura, hasted, glowing, very
quick
A: sickness immunity, AC +5, negative energy resistance 1, electricity
resistance, torment resistance 1, petrification resistance
a: Renounce Religion, Heroism


You were in a bailey.
You worshipped Okawaru.
Okawaru was most pleased with you.
You visited 1 branch of the dungeon, and saw 5 of its levels.
You also visited: Bailey.

You collected 166 gold pieces.

Inventory:

Hand Weapons
 a - a +0 mace of protection (weapon)
 t - a +4 spear of venom
Missiles
 n - 3 boomerangs (quivered)
Armour
 b - a +0 robe
 d - an orb of light (worn)
 u - an orb of wrath
 w - a +3 ring mail (worn)
Jewellery
 e - an amulet of guardian spirit (around neck)
 i - a +4 ring of protection (left hand)
 j - a ring of see invisible
 q - a ring of protection from cold
Scrolls
 h - 2 scrolls of immolation
 l - 2 scrolls of noise


   Skills:
 * Level 6.9(11.9) Fighting
 * Level 6.3(11.3) Maces & Flails
 + Level 2.2(7.2) Armour
 + Level 4.8(9.8) Dodging
 + Level 2.3 Invocations


You had 7 spell levels left.
You didn't know any spells.
Your spell library contained the following spells:

 Spells                   Type           Power      Damage    Failure   Level
 Apportation              Tloc           0%         N/A       52%         1
 Blink                    Tloc           0%         N/A       67%         2
 Dazzling Flash           Conj/Hex       0%         N/A       88%         3
 Volatile Blastmotes      Fire/Tloc      0%         2d10      88%         3
 Manifold Assault         Tloc           0%         N/A       99%         4
 Alistair's Intoxication  Tmut/Pois      0%         N/A       100%        5
 Starburst                Conj/Fire      0%         6d3       100%        6
 Maxwell's Capacitive Co  Air            0%         ∞         100%        8


Dungeon Overview and Level Annotations

Branches:
Dungeon (7/15)             Temple (0/1) D:7          Bailey (1/1)

Altars:
Ashenzari
Hepliaklqana
Okawaru
Xom

Annotations:
D:2 Grinder
D:3 2 transporters, soul19's ghost, amateur MiFi


Innate Abilities, Weirdness & Mutations

You are immune to sickness and miasma.
Your stone body is resilient. (AC +5)
You are immune to poison.
You resist negative energy. (rN+)
You are resistant to electric shocks. (rElec)
You are resistant to unholy torment.
You are immune to petrification.


Message History

You throw a poisoned dart. The poisoned dart hits the orc knight.
The orc knight is poisoned.
The orc knight shouts!
Throw: 3 boomerangs
Press: ? - help, Shift-Dir - straight line, f/p - orc knight
Aim: an orc knight, wielding a +0 bardiche and wearing a +2 crystal plate armour (poisoned, 57% to hit)
You throw a boomerang.
The boomerang barely misses the orc knight.
You are too injured to fight recklessly!
Throw: 3 boomerangs
Press: ? - help, Q - select action, (/) - cycle Shift-Dir - straight line, f/p - orc knight
Aim: an orc knight, wielding a +0 bardiche and wearing a +2 crystal plate armour (lightly wounded, poisoned, 57% to hit)
You throw a boomerang.
The boomerang hits the orc knight but does no damage.
The orc knight is lightly wounded.
Throw: 3 boomerangs
Press: ? - help, Q - select action, (/) - cycle Shift-Dir - straight line, f/p - orc knight
Aim: an orc knight, wielding a +0 bardiche and wearing a +2 crystal plate armour (lightly wounded, poisoned, haloed, 77% to hit)
You throw a boomerang.
The boomerang hits the orc knight but does no damage.
The orc knight is lightly wounded.
You float gracefully downwards.
Splash!
You fall into the shallow water.
Moving in this stuff is going to be slow.
Your enlightenment fades.
You gain the combat prowess of a mighty hero.
The orc knight hits you from afar with a +0 bardiche!
* * * LOW HITPOINT WARNING * * *
Magic courses through your body.
The orc knight hits you with a +0 bardiche!
* * * LOW HITPOINT WARNING * * *
You hit the orc knight.
Your weapon exudes an aura of protection.
The orc knight is lightly wounded.
The orc knight barely misses you.
You sock the orc knight!
The orc knight is moderately wounded.
The orc knight hits you with a +0 bardiche.
You die...

#.~~..## ..≈≈o....≈ ##..~~
#.~..## .o≈≈≈≈§≈≈ ##..~ #.~.##
#...§§... ##.~
#.~.#########'###+#############.~
#.~.....)...(##.....##....).....~
#.~~~~)~~~~~..##.∩.##..~~~)~)~~~~
#..........~~..## ##..~~.........
##########..~~.o###..~~..########
##..~~.@...~~..## ##..~~~)~~~..##
##.........## ###########


You could see an orc knight (poisoned).

Vanquished Creatures
  An orc knight (Bailey)
  A black bear (D:7)
  2 orc warriors (Bailey)
  A phantom (D:4)
  2 kobold brigands (D:7)
  A gnoll bouda (D:7)
  An orc wizard (D:4)
  9 gnolls
  5 adders
  3 dart slugs
  19 orcs
  5 ball pythons
  4 endoplasms
  8 goblins
  6 hobgoblins
  4 jackals (D:2)
  10 kobolds
  5 quokkas
  2 bats (D:1)
  2 frilled lizards
  2 rats
93 creatures vanquished.

Notes
Turn   | Place    | Note
-------+----------+-------------------------------------------
     0 | D:1      | arthad the Gargoyle Monk began the quest for the Orb.
     0 | D:1      | Reached XP level 1. HP: 14/14 MP: 1/1
   159 | D:1      | Found a faded altar of an unknown god.
   198 | D:1      | Reached XP level 2. HP: 15/19 MP: 2/2
   772 | D:2      | Reached XP level 3. HP: 22/24 MP: 3/3
  1229 | D:2      | Reached XP level 4. HP: 26/29 MP: 4/4
  1840 | D:3      | Noticed Grinder
  1842 | D:3      | Paralysed by Grinder for 2 turns
  1851 | D:2      | Paralysed by Grinder for 4 turns
  1865 | D:2      | Paralysed by Grinder for 2 turns
  2005 | D:3      | Found a transporter.
  2008 | D:3      | Noticed soul19's ghost (amateur MiFi)
  2141 | D:3      | Reached XP level 5. HP: 24/34 MP: 2/5
  2598 | D:3      | Found a transporter.
  2617 | D:4      | Noticed a phantom
  2653 | D:4      | Killed a phantom
  2654 | D:4      | Reached skill level 5 in Fighting
  2654 | D:4      | Reached XP level 6. HP: 30/40 MP: 3/6
  2747 | D:4      | You fall into a shaft and drop 3 floors!
  2749 | D:7      | Found an iron altar of Okawaru.
  2749 | D:7      | Found a shimmering altar of Xom.
  2749 | D:7      | Found a hazy altar of Hepliaklqana.
  2750 | D:7      | Found a broken altar of Ashenzari.
  2755 | D:7      | Noticed a black bear
  2758 | D:7      | Became a worshipper of Warmaster Okawaru
  2758 | D:7      | Reached * piety under Okawaru
  2758 | D:7      | Reached ** piety under Okawaru
  2769 | D:7      | Killed a black bear
  2816 | D:7      | Found a staircase to the Ecumenical Temple.
  2846 | D:7      | Reached skill level 5 in Maces & Flails
  2846 | D:7      | Reached XP level 7. HP: 43/45 MP: 7/7
  2918 | D:7      | Found a flagged portal.
  3026 | Bailey   | Entered a bailey
  3171 | Bailey   | Noticed an orc knight
  3243 | Bailey   | Noticed an orc knight
  3271 | Bailey   | Reached skill level 1 in Armour
  3271 | Bailey   | Reached skill level 1 in Invocations
  3350 | Bailey   | Killed an orc knight
  3350 | Bailey   | Reached *** piety under Okawaru
  3351 | Bailey   | Reached XP level 8. HP: 8/52 MP: 1/9
  3380 | Bailey   | HP: 1/52 [orc knight/+0 bardiche (6)]
  3382 | Bailey   | Slain by an orc knight

Illustrated notes

Levels and vault maps discovered:
D:1:      dpeg_arrival_circle_labyrinth_a, layout_loops_ring,
          ebering_ecumenical_altar_mist, minmay_fountain_box
D:2:      layout_basic, minmay_misc_feat_square, solitary_fountain,
          supply_closet_lemuel
D:3:      layout_loops_ring, gammafunk_ghost_mausoleum, uniq_grinder
D:4:      layout_basic, lemuel_doored_altar, minmay_lizard_king
D:7:      layout_loops_cross, mainiacjoe_overflow_small_starburst,
          chequers_temple_overflow_statue_of_worship, minmay_temple_entry_waves,
          enter_bailey_3
Bailey:   bailey_polearm_1, bailey

Skill      XL: |  1  2  3  4  5  6  7 |
---------------+----------------------+-----
Fighting       | 4 5 6 |  6.9
Dodging        | 3 4 |  4.8
Maces & Flails | 4 5 6 |  6.3
Armour         | 2 |  2.2
Invocations    | 2 |  2.3

Action                     |  1- 3 |  4- 6 |  7- 9 || total
---------------------------+-------+-------+-------++-------
  Melee: Mace              |    82 |   164 |   145 ||   391
  Throw: Boomerang         |       |     4 |    34 ||    38
         Dart              |       |     2 |     5 ||     7
 Invoke: Heroism           |       |     1 |     4 ||     5
    Use: Scroll            |       |     6 |     1 ||     7
         Potion            |       |     1 |    10 ||    11
 Armour: Robe              |    30 |   115 |    62 ||   207
         Ring mail         |       |       |    21 ||    21
  Dodge: Dodged            |    63 |   137 |   139 ||   339

Table legend: (Time is in decaauts)
 A = Elapsed time spent in this place.
 B = Non-inter-level travel time spent in this place.
 C = Inter-level travel time spent in this place.
 D = Time resting spent in this place.
 E = Time spent auto-exploring this place.
 F = Levels seen in this place.
 G = Mean time per level.
                   A        B        C        D        E       F      G
               +--------+--------+--------+--------+--------+-----+--------+
         Total |   3448 |   3398 |     50 |    137 |   2383 |   6 |  574.7 |
       Dungeon |   3076 |   3026 |     50 |    137 |   2265 |   5 |  615.2 |
        Bailey |    371 |    371 |      0 |      0 |    118 |   1 |  371.0 |
               +--------+--------+--------+--------+--------+-----+--------+

Top non-repeatable levels by time:
     D:2: 1183 daAuts
     D:1: 748 daAuts
     D:3: 712 daAuts
  Bailey: 371 daAuts
     D:7: 289 daAuts
     D:4: 144 daAuts
